 Dungeon Crawl Stone Soup version 0.22-a0-247-gbddf880 (webtiles) character file.

273 Ghella the Covered (level 6, -5/53 HPs)
             Began as a Hill Orc Fighter on Feb 26, 2018.
             Was an Initiate of Beogh.
             Slain by a mummy (9 damage)
             ... in an ossuary.
             The game lasted 00:07:06 (2808 turns).

Ghella the Covered (Hill Orc Fighter)               Turns: 2808, Time: 00:07:07

Health: -5/53      AC: 10    Str: 26    XL:     6   Next: 24%
Magic:  6/6        EV:  6    Int:  8    God:    Beogh [......]
Gold:   117        SH:  9    Dex: 10    Spells: 5/5 levels left

rFire    . . .     SeeInvis .   a - +1 war axe
rCold    . . .     Gourm    .   c - +0 shield
rNeg     . . .     Faith    .   l - +0 chain mail
rPois    .         Spirit   .   (no helmet)
rElec    .         Reflect  .   (no cloak)
rCorr    .         Harm     .   (no gloves)
MR       .....                  (no boots)
Stlth    ..........             (no amulet)
HPRegen  0.17/turn              (no ring)
MPRegen  0.10/turn              (no ring)

@: mighty
A: no striking features
a: Renounce Religion


You were in an ossuary.
You worshipped Beogh.
Beogh was noncommittal.
You were very hungry.

You visited 1 branch of the dungeon, and saw 4 of its levels.
You also visited: Ossuary.

You collected 117 gold pieces.

Inventory:

Hand Weapons
 a - a +1 war axe (weapon)
Armour
 c - a +0 shield (worn)
 l - a +0 chain mail (worn)
 r - a +0 plate armour
Jewellery
 p - an uncursed ring of fire
Wands
 s - a wand of scattershot (2)
Scrolls
 g - 4 scrolls of remove curse
 h - a scroll of magic mapping
 j - a scroll of fog {unknown}
 n - 4 scrolls of identify
 o - a scroll of teleportation {unknown}
 u - 2 scrolls of blinking
Potions
 b - a potion of heal wounds {unknown}
 d - a potion of might
 e - a potion of invisibility {unknown}
 i - 2 potions of haste {unknown}
 q - 2 potions of magic
 t - a potion of flight {unknown}
 v - a potion of mutation {unknown}
Comestibles
 f - 5 rations


   Skills:
 + Level 4.7 Fighting
 - Level 2.6 Axes
 * Level 6.7 Armour
 + Level 0.9 Dodging
 - Level 3.2 Shields


You had 5 spell levels left.
You didn't know any spells.

Dungeon Overview and Level Annotations

Branches:
Dungeon (4/15)
 Temple: D:4-7

Altars:
Cheibriados
Elyvilon
Hepliaklqana
Kikubaaqudgha
Ru
Vehumet
Wu Jian


Message History

You have reached level 6!
Your experience leads to an increase in your attributes!
Your base attributes are Str 20, Int 8, Dex 10.
Increase (S)trength, (I)ntelligence, or (D)exterity?
You feel stronger.
You start resting.
A mummy comes into view.
A mummy is nearby!
The mummy moves out of view.
There is an empty arch of ancient stone, spattered with blood here.
You slash the mummy!
The mummy is almost destroyed.
You completely miss the mummy.
The mummy is almost destroyed.
The mummy hits you!
* * * LOW HITPOINT WARNING * * *
You completely miss the mummy.
The mummy is almost destroyed.
The mummy hits you!
You die...

## ##
#P#.#
#.≈.#
≈≈.
##≈##
#.M.#
#.@.#
#∩..#
#####


You could see a mummy.

Vanquished Creatures
  A wyvern zombie (Ossuary)
  A scorpion (D:4)
  A hound (D:4)
  A worker ant (D:4)
  3 gnolls (D:3)
  4 adders
  A worm (D:2)
  A dart slug (D:1)
  A leopard gecko (D:2)
  6 bats
  5 giant cockroaches
  A hobgoblin (D:3)
  6 jackals
  2 quokkas
  4 frilled lizards
  5 goblins
  2 kobolds (D:1)
  8 rats
53 creatures vanquished.

Notes
Turn   | Place    | Note
-------+----------+-------------------------------------------
     0 | D:1      | Ghella the Hill Orc Fighter began the quest for the Orb.
     0 | D:1      | Reached XP level 1. HP: 19/19 MP: 1/1
   167 | D:1      | Reached XP level 2. HP: 27/27 MP: 2/2
   291 | D:1      | Reached skill level 4 in Armour
   798 | D:2      | Reached XP level 3. HP: 27/33 MP: 3/3
  1191 | D:2      | Found a snail-covered altar of Cheibriados.
  1722 | D:3      | Reached XP level 4. HP: 33/40 MP: 4/4
  1734 | D:3      | Reached skill level 5 in Armour
  2278 | D:3      | Found a sacrificial altar of Ru.
  2278 | D:3      | Found an ancient bone altar of Kikubaaqudgha.
  2278 | D:3      | Found a hazy altar of Hepliaklqana.
  2278 | D:3      | Found a radiant altar of Vehumet.
  2285 | D:3      | Found a white marble altar of Elyvilon.
  2288 | D:3      | Found an ornate altar of the Wu Jian Council.
  2334 | D:3      | Became a worshipper of Beogh the Brigand
  2709 | D:4      | Reached XP level 5. HP: 42/47 MP: 5/5
  2731 | D:4      | Reached skill level 6 in Armour
  2740 | D:4      | Found a sand-covered staircase.
  2781 | Ossuary  | Entered an ossuary
  2788 | Ossuary  | HP: 2/47 [wyvern zombie (2)]
  2795 | Ossuary  | Reached XP level 6. HP: 17/53 MP: 6/6
  2808 | Ossuary  | Slain by a mummy

Vault maps used:
D:1:      lightli_arrival_flooded_house
D:2:      cheibriados_altar_1
D:3:      minmay_overflow_temple_hex
D:4:      grunt_temple_overflow_holy_war,
          grunt_temple_overflow_order_and_chaos_1,
          grunt_temple_overflow_opulence, first_ration, serial_shops, shop,
          enter_ossuary_1, hangedman_abyss_or_decor_stagger, uniq_robin,
          uniq_pikel
Ossuary:  ossuary_zaba_flooded

Skill      XL: |  1  2  3  4  5 |
---------------+----------------+-----
Armour         | 4 5 6 |  6.7
Fighting       | 4 |  4.7
Axes           | |  2.6
Dodging        | |  0.9
Shields        | |  3.2

Action                   |  1- 3 |  4- 6 || total
-------------------------+-------+-------++-------
Melee: War axe           |   137 |    93 ||   230
Invok: Convert to Beogh  |       |     1 ||     1
  Use: Scroll            |       |     6 ||     6
       Potion            |       |     5 ||     5
  Eat: Chunk             |     2 |     3 ||     5
Armor: Scale mail        |    38 |       ||    38
       Chain mail        |    47 |    62 ||   109
Dodge: Dodged            |    45 |    27 ||    72
Block: Shield            |    82 |    61 ||   143

Table legend:
 A = Spawn XP
 B = Non-spawn XP
 C = Spawn XP percentage of total XP
 D = Spawn monster count
 E = Non-spawn monster count
 F = Spawn count percentage of total count
 G = Total turns spent on level
                    A         B        C        D         E        F      G
               +---------+---------+-------+---------+---------+-------+---------
         Total |       0 |     391 |   0.0 |       0 |      53 |   0.0 |  2808
               +---------+---------+-------+---------+---------+-------+---------
           D:1 |       0 |      29 |   0.0 |       0 |      18 |   0.0 |   694
           D:2 |       0 |      37 |   0.0 |       0 |      14 |   0.0 |   718
           D:3 |       0 |      69 |   0.0 |       0 |      13 |   0.0 |  1289
           D:4 |       0 |     175 |   0.0 |       0 |       7 |   0.0 |    80
       Ossuary |       0 |      81 |   0.0 |       0 |       1 |   0.0 |    27
               +---------+---------+-------+---------+---------+-------+---------
